 Dungeon Crawl Stone Soup version 0.31-a0-237-g2d982f9f85 (webtiles) character file.

Game seed: 1669840462621440553

63 qw the Shooter (level 3, -2/29 HPs)
             Began as a Minotaur Hexslinger on July 10, 2023.
             Succumbed to an adder's poison
             ... on level 2 of the Dungeon.
             The game lasted 00:00:27 (1506 turns).

qw the Shooter (Minotaur Hexslinger)                Turns: 1506, Time: 00:00:27

Health: -2/29      AC:  3    Str: 12    XL:     3   Next: 87%
Magic:  3/3        EV: 12    Int: 10    God:
Gold:   40         SH:  0    Dex: 14    Spells: 3/4 levels left

rFire   . . .        Y - +2 sling
rCold   . . .        (no shield)
rNeg    . . .        f - +0 leather armour
rPois   .            (helmet restricted)
rElec   .            (no cloak)
rCorr   +            (no gloves)
SInv    .            (no boots)
Will    .....        (no amulet)
Stlth   +            g - ring of resist corrosion
HPRegen 0.24/turn    (no ring)
MPRegen 0.08/turn

%: no passive effects
@: lethally poisoned (-2 -> -16), about to teleport
A: horns 2, retaliatory headbutt
a: no special abilities


You were on level 2 of the Dungeon.
You visited 1 branch of the dungeon, and saw 2 of its levels.

You collected 40 gold pieces.


Innate Abilities, Weirdness & Mutations

You have a pair of horns on your head.
You reflexively headbutt those who attack you in melee.


   Skills:
 - Level 2.0 Fighting
 + Level 4.4 Ranged Weapons
 - Level 2.1 Dodging
 - Level 1.0 Spellcasting
 - Level 2.0 Hexes


You had 3 spell levels left.
You knew the following spells:

 Your Spells              Type           Power      Damage    Failure   Level
a - Slow                  Hex            16%        N/A       19%         1

Your spell library contained the following spells:

 Spells                   Type           Power      Damage    Failure   Level
 Inner Flame              Hex/Fire       2%         N/A       65%         3
 Portal Projectile        Hex/Tloc       4%         N/A       65%         3
 Cause Fear               Hex            2%         N/A       88%         4

Inventory:

Hand Weapons
 Y - a +2 sling (weapon)
Armour
 f - a +0 leather armour (worn)
Jewellery
 g - a ring of resist corrosion (left hand)
Scrolls
 h - a scroll of identify
Potions
 e - a potion of curing
 i - a potion of cancellation {unknown}

Dungeon Overview and Level Annotations

Branches:
Dungeon (2/15)

Altars:


Message History

The adder hisses angrily.
You shoot a sling bullet.
The sling bullet completely misses the hobgoblin.
The sling bullet hits the adder.
The adder is moderately wounded.
You shoot a sling bullet.
The sling bullet closely misses the adder.
The hobgoblin hits you. The adder bites you. The hobgoblin barely misses you.
You shoot a sling bullet.
The sling bullet closely misses the adder.
The sling bullet hits the rat.
You kill the rat!
The adder bites you. x2
The hobgoblin hits you but does no damage.
The adder bites you.
You shoot a sling bullet.
The sling bullet closely misses the adder.
The adder bites you. The adder closely misses you.
The hobgoblin hits you but does no damage.
The adder bites you but does no damage.
You shoot a sling bullet. The sling bullet misses the adder.
The adder bites you.
You are poisoned.
The adder poisons you! The hobgoblin hits you.
The adder bites you but does no damage. The adder closely misses you.
You shoot a sling bullet. The sling bullet misses the adder.
You feel sick. The adder bites you.
You are more poisoned.
The adder poisons you! The hobgoblin hits you. The adder misses you.
The adder bites you. The hobgoblin hits you.
1505 ||| READING scroll of teleportation.
As you read the scroll of teleportation, it crumbles to dust.
You feel strangely unstable.
You feel sick. The adder bites you.
You are more poisoned.
The adder poisons you! The adder barely misses you. x2
You furiously retaliate!
You headbutt the adder.
The hobgoblin hits you but does no damage.
You shoot a sling bullet. The sling bullet misses the adder.
You die...

#...###..
#.#.....#
..#+#
##.#.#..##.#
##.
#.#.#..##.#
#...#.....#
######.....#
........#..#
.+.........#
#..#[.....##
#......S@...#
..###..gS....#
##..%....#
.........#
....###...#
#.... #..#
...... .##
.#.... .#


You could see 2 adders and a hobgoblin.

Vanquished Creatures
  Jessica (D:2)
  A dart slug (D:1)
  A ball python (D:1)
  2 endoplasms
  2 giant cockroaches (D:1)
  3 goblins (D:1)
  6 hobgoblins
  3 quokkas
  4 bats
  A frilled lizard (D:1)
  3 kobolds
  5 rats
32 creatures vanquished.

Notes
Turn   | Place    | Note
-------+----------+-------------------------------------------
     0 | D:1      | qw the Minotaur Hexslinger began the quest for the Orb.
     0 | D:1      | Reached XP level 1. HP: 16/16 MP: 1/1
     0 | D:1      | 0 ||| qw: Version: 0.3-a-52-g30416fa
     0 | D:1      | 0 ||| qw: Game counter: 5375
     0 | D:1      | 0 ||| qw: Melee chars always use a shield: true
     0 | D:1      | 0 ||| qw: God list: Okawaru
     0 | D:1      | 0 ||| qw: Allow faded altars: false
     0 | D:1      | 0 ||| qw: Do Orc after clearing Dungeon:15 true
     0 | D:1      | 0 ||| qw: Do second Lair branch before Depths: true
     0 | D:1      | 0 ||| qw: Lair rune preference: random
     0 | D:1      | 0 ||| qw: Goals: Normal
     0 | D:1      | 0 ||| PLANNING D:1-11
   157 | D:1      | Reached skill level 3 in Ranged Weapons
   168 | D:1      | Reached XP level 2. HP: 23/23 MP: 2/2
  1116 | D:1      | 1116 ||| UPGRADING to +0 leather armour.
  1126 | D:1      | 1126 ||| DROPPING +0 robe.
  1127 | D:1      | 1127 ||| UPGRADING to ring of resist corrosion.
  1128 | D:1      | 1128 ||| READING scroll labelled GAUZAXOQUKI.
  1129 | D:1      | 1129 ||| READING 2 scrolls labelled WOOGEUM XAKKEU.
  1130 | D:1      | 1130 ||| READING scroll labelled YQUUVA QINAUF.
  1131 | D:1      | 1131 ||| READING 2 scrolls labelled METIHE BAUFAN.
  1135 | D:1      | 1135 ||| DRINKING 2 glowing ruby potions.
  1136 | D:1      | 1136 ||| DROPPING scroll of poison.
  1235 | D:2      | Reached XP level 3. HP: 29/29 MP: 3/3
  1413 | D:2      | Noticed Jessica
  1417 | D:2      | Killed Jessica
  1418 | D:2      | Reached skill level 4 in Ranged Weapons
  1504 | D:2      | HP: 7/29 [hobgoblin (1)]
  1505 | D:2      | 1505 ||| READING scroll of teleportation.
  1505 | D:2      | HP: 2/29 [adder (4)]
  1506 | D:2      | Succumbed to an adder's poison

Levels and vault maps discovered:
D:1:      beargit_arrival_greenhouse, layout_basic, minmay_hedge_maze,
          solitary_fountain
D:2:      layout_loops_corners, dreamdust_ecumenical_altar_statues,
          serial_co_window_serial, co_window_corner_a, co_window_paths_b,
          co_window_of_opportunity_a, co_window_of_opportunity_a,
          co_window_corner_a, co_window_of_opportunity_c, co_window_paths_c,
          co_window_2corner, glass_columns_b, glass_columns_a, glass_columns_a,
          nrook_mini_vaults, kennysheep_another_room, glass_columns_a,
          minmay_three_crescents, uniq_jessica

Skill      XL: |  1  2  3 |
---------------+----------+-----
Ranged Weapons | 3 4 |  4.4
Fighting       | 2 |  2.0
Dodging        | |  2.1
Spellcasting   | |  1.0
Hexes          | |  2.0

Action                     || total
---------------------------++-------
   Fire: Sling             ||    89
    Use: Scroll            ||     5
         Potion            ||     1
 Armour: Robe              ||     3
         Leather armour    ||     5
  Dodge: Dodged            ||    18

Table legend:
 A = Non-vault XP
 B = Vault XP
 C = Vault XP percentage of total XP
 D = Non-vault monster count
 E = Vault monster count
 F = Vault count percentage of total count
                 A         B        C        D         E       F
            +---------+---------+-------+---------+---------+-------
      Total |      51 |      39 |  43.3 |      29 |       3 |   9.4
            +---------+---------+-------+---------+---------+-------
        D:1 |      36 |       0 |   0.0 |      21 |       0 |   0.0
        D:2 |      15 |      39 |  72.2 |       8 |       3 |  27.3
            +---------+---------+-------+---------+---------+-------
